 Dungeon Crawl Stone Soup version 0.30-a0-883-g5ad918d77d (webtiles) character file.

Game seed: 17009891237507033195

78 Norrock the Caller (level 4, -1/31 HPs)
             Began as a Barachi Summoner on Mar 15, 2023.
             Slain by a gnoll
             ... wielding a +0 flail
              (3 damage)
             ... on level 3 of the Dungeon.
             The game lasted 00:17:27 (2035 turns).

Norrock the Caller (Barachi Summoner)               Turns: 2035, Time: 00:17:28

Health: -1/31      AC:  3    Str:  9    XL:     4   Next: 36%
Magic:  6/8        EV: 11    Int: 17    God:
Gold:   100        SH:  0    Dex: 13    Spells: 3/9 levels left

rFire   . . .      SeeInvis .    m - +4 club
rCold   . . .      Faith    .    g - orb {light}
rNeg    . . .      Spirit   .    k - +0 leather armour
rPois   .          Reflect  .    (no helmet)
rElec   .          Rampage  .    (no cloak)
rCorr   .                        (no gloves)
Will    .....                    (no boots)
Stlth   +                        (no amulet)
HPRegen 0.25/turn                l - ring of flight
MPRegen 0.11/turn                (no ring)

@: brilliant, unable to hop, flying, glowing, slow
A: amphibious, slowness 1, strong legs 1, +LOS
a: Hop


You were on level 3 of the Dungeon.
You visited 1 branch of the dungeon, and saw 3 of its levels.

You collected 100 gold pieces.

Inventory:

Hand Weapons
 f - a +2 dagger of venom
 m - a +4 club (weapon)
Missiles
 h - 3 poisoned darts
Armour
 a - a +0 robe
 g - an orb of light (worn)
 k - a +0 leather armour (worn)
Jewellery
 l - a ring of flight (left hand)
Scrolls
 c - a scroll of immolation {unknown}
 i - a scroll of vulnerability {unknown}
 n - a scroll of teleportation {unknown}
Potions
 d - a potion of ambrosia {unknown}
 e - a potion of flight
 j - a potion of brilliance
 o - a potion of curing {unknown}


   Skills:
 - Level 0.5 Fighting
 - Level 0.2 Short Blades
 - Level 0.2 Axes
 - Level 2.1 Dodging
 - Level 1.7 Stealth
 + Level 3.0 Spellcasting
 + Level 6.2 Summonings


You had 3 spell levels left.
You knew the following spells:

 Your Spells              Type           Power      Damage    Failure   Level
a - Summon Small Mammal   Summ           100%       N/A       1%          1
b - Call Imp              Summ           35%        N/A       3%          2
c - Call Canine Familiar  Summ           35%        N/A       6%          3

Your spell library contained the following spells:

 Spells                   Type           Power      Damage    Failure   Level
 Summon Guardian Golem    Hex/Summ       19%        N/A       21%         3
 Beastly Appendage        Tmut           6%         N/A       24%         1
 Wereblood                Tmut           3%         N/A       36%         2
 Spider Form              Tmut/Pois      3%         N/A       58%         3
 Summon Lightning Spire   Summ/Air       19%        N/A       56%         4


Dungeon Overview and Level Annotations

Branches:
Dungeon (3/15)

Altars:
The Shining One


Innate Abilities, Weirdness & Mutations

You are amphibious.
You cover ground slowly.
You can hop short distances.
You have an extended range of vision and can be seen from far away.


Message History

The gnoll dies!
Casting: Call Imp (safe; 3% risk of failure)
Press: ? - help, Q - select action, (/) - cycle Dir - look around, f - activate A shadowy apparition takes form in the air.
Your iron imp disappears in a puff of smoke!
The bat closely misses your hound. The bat barely misses your hound.
The bat hits your hound.
The gnoll hits your hound with a +0 flail.
Your hound dies!
Your hound's corpse disappears in a puff of smoke!
The gnoll barely misses you. The bat hits you but does no damage.
The gnoll hits you from afar with a +0 spear.
You hit the bat.
You kill the bat!
The gnoll hits your shadow imp with a +0 flail!
Your shadow imp dies!
Your shadow imp disappears in a puff of smoke!
The gnoll barely misses you.
The gnoll hits you from afar with a +0 spear!
* * * LOW HITPOINT WARNING * * *
Hop to where?
Press: ? - help, Dir - move target Boing!
Magic courses through your body.
Casting: Call Imp (safe; 3% risk of failure)
Confirm with . or Enter, or press ? or * to list all spells.
Okay, then.
Casting: Call Imp (safe; 3% risk of failure)
Confirm with . or Enter, or press ? or * to list all spells.
The gnoll barely misses you. The gnoll attacks as you move away!
The gnoll misses you.
Your hound bites the gnoll.
The gnoll attacks as you move away! The gnoll hits you with a +0 flail.
* * * LOW HITPOINT WARNING * * *
Your hound bites the gnoll.
It was a potion of brilliance.
You feel clever all of a sudden. The gnoll hits you with a +0 flail.
You die...

.#####.#............#
........)...........#
##......#...........#
#......#...........#
#......#...........#
#.....)#...g.)....##
#).....#...g...†..#
#......#...hg..<..#
#..._..#....@.....#
#......#..........#
############


You could see 3 gnolls and a friendly hound (summoned).

Vanquished Creatures
  A dart slug (D:1)
  2 bats
  A goblin (D:1)
  5 hobgoblins
  A kobold (D:1)
  A quokka (D:2)
  3 ball pythons
  2 frilled lizards
  2 rats
18 creatures vanquished.

Vanquished Creatures (collateral kills)
  Jessica (D:2)
  A gnoll (D:3)
  2 ball pythons
  A bat (D:1)
  An endoplasm (D:1)
  2 goblins (D:1)
  4 hobgoblins
  A quokka (D:1)
  A frilled lizard (D:1)
  4 kobolds (D:1)
  A rat (D:1)
19 creatures vanquished.

Grand Total: 37 creatures vanquished

Notes
Turn   | Place    | Note
-------+----------+-------------------------------------------
     0 | D:1      | Norrock the Barachi Summoner began the quest for the Orb.
     0 | D:1      | Reached XP level 1. HP: 13/13 MP: 3/3
     4 | D:1      | Noticed an electric eel
     4 | D:1      | Noticed an electric eel
    71 | D:1      | Reached skill level 5 in Summonings
   139 | D:1      | Reached XP level 2. HP: 10/19 MP: 5/5
   191 | D:1      | Learned a level 2 spell: Call Imp
   644 | D:1      | Reached XP level 3. HP: 24/24 MP: 6/6
  1396 | D:2      | Learned a level 3 spell: Call Canine Familiar
  1591 | D:2      | Noticed Jessica
  1604 | D:2      | Killed Jessica
  1605 | D:2      | Reached skill level 6 in Summonings
  1605 | D:2      | Reached XP level 4. HP: 16/31 MP: 0/8
  2016 | D:3      | Found a glowing golden altar of the Shining One.
  2034 | D:3      | HP: 1/31 [gnoll/+0 flail (3)]
  2035 | D:3      | Slain by a gnoll

Illustrated notes

Levels and vault maps discovered:
D:1:      arrival_aquarium_b, layout_basic
D:2:      layout_loops_corners, uniq_jessica
D:3:      layout_basic, cheibriados_altar_1, overflow_temple_1_default,
          cheibrodos_sewer_entry_sluice, uniq_grinder

Skill      XL: |  1  2  3  4 |
---------------+-------------+-----
Summonings     | 5 6 |  6.2
Spellcasting   | 3 |  3.0
Fighting       | |  0.5
Short Blades   | |  0.2
Axes           | |  0.2
Dodging        | |  2.1
Stealth        | |  1.7

Action                     |  1- 3 |  4- 6 || total
---------------------------+-------+-------++-------
  Melee: Hand axe          |    21 |       ||    21
         Dagger            |    19 |       ||    19
         Club              |       |    10 ||    10
  Throw: Dart              |     2 |       ||     2
   Cast: Summon Small Mamm |     5 |       ||     5
         Call Imp          |     9 |     6 ||    15
         Call Canine Famil |     1 |     2 ||     3
Ability: Hop               |     1 |     1 ||     2
    Use: Scroll            |     2 |       ||     2
         Potion            |     1 |     2 ||     3
   Stab: Sleeping          |     4 |       ||     4
 Armour: Robe              |     6 |       ||     6
         Leather armour    |       |     2 ||     2
  Dodge: Dodged            |    24 |    10 ||    34

Table legend: (Time is in decaauts)
 A = Elapsed time spent in this place.
 B = Non-inter-level travel time spent in this place.
 C = Inter-level travel time spent in this place.
 D = Time resting spent in this place.
 E = Time spent auto-exploring this place.
 F = Levels seen in this place.
 G = Mean time per level.
                   A        B        C        D        E       F      G
               +--------+--------+--------+--------+--------+-----+--------+
         Total |   2364 |   2348 |     16 |    154 |   1286 |   3 |  788.0 |
       Dungeon |   2364 |   2348 |     16 |    154 |   1286 |   3 |  788.0 |
               +--------+--------+--------+--------+--------+-----+--------+

Top non-repeatable levels by time:
     D:1: 1228 daAuts
     D:2: 1093 daAuts
     D:3: 43 daAuts
